 Dungeon Crawl Stone Soup version 0.30-a0-176-gdd20fb75b6 (webtiles) character file.

Game seed: 9061836503532009895

257 Aibolit the Sneak (level 6, -11/47 HPs)
             Began as a Human Brigand on Oct 2, 2022.
             Was a Follower of Wu Jian.
             Mangled by Crazy Yiuf
             ... wielding a +4 quarterstaff of chaos
              (15 damage)
             ... on level 3 of the Dungeon.
             The game lasted 00:10:08 (3267 turns).

Aibolit the Sneak (Human Brigand)                   Turns: 3267, Time: 00:10:08

Health: -11/47     AC:  5    Str: 12    XL:     6   Next: 39%
Magic:  0/6        EV: 12    Int: 11    God:    Wu Jian [*.....]
Gold:   68         SH:  0    Dex: 16    Spells: 5/5 levels left

rFire   x . .      SeeInvis .    r - +0 short sword
rCold   + + .      Faith    .    (no shield)
rNeg    . . .      Spirit   +    e - +2 robe {rC+}
rPois   .          Reflect  .    (no helmet)
rElec   .          Harm     .    c - +0 cloak
rCorr   .          Rampage  .    (no gloves)
Will    .....                    (no boots)
Stlth   +++.......               d - amulet of guardian spirit
HPRegen 0.27/turn                g - ring of ice
MPRegen 0.10/turn                (no ring)

@: no status effects
A: no striking features
a: Renounce Religion


You were on level 3 of the Dungeon.
You worshipped Wu Jian.
Wu Jian was aware of your devotion.
You visited 1 branch of the dungeon, and saw 3 of its levels.

You collected 118 gold pieces.
You spent 50 gold pieces at shops.

Inventory:

Hand Weapons
 r - a +0 short sword (weapon)
Missiles
 p - 3 poisoned darts (quivered)
Armour
 c - a +0 cloak (worn)
 e - a +2 robe of cold resistance (worn)
Jewellery
 d - an amulet of guardian spirit (around neck)
 g - a ring of ice (left hand)
Scrolls
 a - a scroll of identify
 b - a scroll of teleportation {unknown}
 f - a scroll of vulnerability {unknown}
 j - a scroll of fog
 k - a scroll of immolation
 m - a scroll of amnesia {unknown}
 q - a scroll of silence {unknown}
 s - a scroll of blinking {unknown}
Potions
 h - a potion of degeneration
 i - 2 potions of heal wounds
 o - 2 potions of cancellation


   Skills:
 + Level 3.1 Fighting
 + Level 3.1 Short Blades
 * Level 3.8 Throwing
 + Level 2.3 Dodging
 + Level 4.9 Stealth


You had 5 spell levels left.
You didn't know any spells.
Your spell library contained the following spells:

 Spells                   Type           Power      Damage    Failure   Level
 Summon Small Mammal      Summ           0%         N/A       34%         1
 Call Canine Familiar     Summ           0%         N/A       71%         3
 Summon Guardian Golem    Hex/Summ       0%         N/A       71%         3


Dungeon Overview and Level Annotations

Branches:
Dungeon (3/15)

Altars:
Wu Jian

Shops:
D:2 !

Annotations:
D:3 Crazy Yiuf


Message History

Crazy Yiuf hits you with a +4 quarterstaff of chaos!
You hit Crazy Yiuf.
Crazy Yiuf is moderately wounded.
Crazy Yiuf hits you with a +4 quarterstaff of chaos.
You are poisoned.
You closely miss Crazy Yiuf.
Crazy Yiuf is moderately wounded.
You feel sick.
Crazy Yiuf screams, "Snurf ladder foot!"
Crazy Yiuf barely misses you.
You barely miss Crazy Yiuf.
Crazy Yiuf is moderately wounded.
You feel sick.
Crazy Yiuf hits you with a +4 quarterstaff of chaos!
* * * LOW HITPOINT WARNING * * *
You feel sick.
Crazy Yiuf twirls on the spot.
You feel much better.
You feel sick.
Crazy Yiuf hits you with a +4 quarterstaff of chaos!
You feel sick.
You feel sick.
You feel sick.
You are no longer poisoned.
Unknown command.
You hit Crazy Yiuf but do no damage.
Crazy Yiuf is moderately wounded.
You hit Crazy Yiuf but do no damage.
Crazy Yiuf is moderately wounded.
You hit Crazy Yiuf but do no damage.
Crazy Yiuf is moderately wounded.
Crazy Yiuf hits you with a +4 quarterstaff of chaos!
* * * LOW HITPOINT WARNING * * *
You hit Crazy Yiuf but do no damage.
Crazy Yiuf is moderately wounded.
Crazy Yiuf whimpers, "Millenium blue childish!"
Crazy Yiuf closely misses you.
You hit Crazy Yiuf.
Crazy Yiuf is heavily wounded.
Crazy Yiuf hits you with a +4 quarterstaff of chaos!
You die...

#.......#.#...##............
#.......#.###.##............
#.......#.# #.##............
#.........# #.##............
#......#### ###############.
#......# ## #......#######
#.......+P.#g### ### ######
#.........P@#..##...# #.....
#####....P.####.'...# ######
##..+P## ###..)# ###### ###


You could see Crazy Yiuf.

Vanquished Creatures
  Sigmund (D:3)
  An orc priest (D:3)
  2 adders
  2 worms (D:2)
  A dart slug (D:1)
  4 orcs (D:3)
  3 bats
  5 endoplasms
  A giant cockroach (D:1)
  7 goblins
  7 hobgoblins
  4 quokkas
  5 ball pythons
  4 frilled lizards
  3 kobolds
  2 rats (D:2)
52 creatures vanquished.

Notes
Turn   | Place    | Note
-------+----------+-------------------------------------------
     0 | D:1      | Aibolit the Human Brigand began the quest for the Orb.
     0 | D:1      | Reached XP level 1. HP: 16/16 MP: 1/1
    84 | D:1      | Reached XP level 2. HP: 22/22 MP: 2/2
   865 | D:2      | Reached XP level 3. HP: 26/27 MP: 3/3
  1359 | D:2      | Found Movin's Distillery.
  1401 | D:2      | Bought a potion of heal wounds for 50 gold pieces
  1435 | D:2      | Reached XP level 4. HP: 34/34 MP: 4/4
  2196 | D:3      | Noticed Sigmund
  2210 | D:3      | Killed Sigmund
  2211 | D:3      | Reached XP level 5. HP: 15/41 MP: 5/5
  2211 | D:3      | Reached XP level 6. HP: 17/47 MP: 6/6
  2542 | D:3      | Found a faded altar of an unknown god.
  2588 | D:3      | Prayed at the altar of an unknown god.
  2588 | D:3      | Became a worshipper of the Wu Jian Council
  2588 | D:3      | Reached * piety under Wu Jian
  2885 | D:3      | Found a runed translucent door.
  2886 | D:3      | Noticed Crazy Yiuf
  3267 | D:3      | Mangled by Crazy Yiuf

Illustrated notes

Levels and vault maps discovered:
D:1:      shiori_arrival_elements, layout_basic
D:2:      layout_basic, serial_shops, shop
D:3:      layout_basic, hellmonk_ecumenical_altar_pennies_from_heaven,
          uniq_crazy_yiuf_cottage, uniq_sigmund

Skill      XL: |  1  2  3  4  5  6 |
---------------+-------------------+-----
Fighting       | 3 |  3.1
Throwing       | 3 |  3.8
Dodging        | 2 |  2.3
Short Blades   | 3 |  3.1
Stealth        | |  4.9

Action                   |  1- 3 |  4- 6 || total
-------------------------+-------+-------++-------
Melee: Dagger            |    36 |    36 ||    72
       Short sword       |       |    31 ||    31
       Punch             |       |     1 ||     1
Throw: Dart              |   104 |    53 ||   157
  Use: Scroll            |     2 |     2 ||     4
       Potion            |       |     3 ||     3
Armor: Robe              |    11 |    12 ||    23
Dodge: Dodged            |    15 |    26 ||    41

Table legend: (Time is in decaauts)
 A = Elapsed time spent in this place.
 B = Non-inter-level travel time spent in this place.
 C = Inter-level travel time spent in this place.
 D = Time resting spent in this place.
 E = Time spent auto-exploring this place.
 F = Levels seen in this place.
 G = Mean time per level.
                   A        B        C        D        E       F      G
               +--------+--------+--------+--------+--------+-----+--------+
         Total |   3226 |   3018 |    208 |      0 |   2584 |   3 | 1075.3 |
       Dungeon |   3226 |   3018 |    208 |      0 |   2584 |   3 | 1075.3 |
               +--------+--------+--------+--------+--------+-----+--------+

Top non-repeatable levels by time:
     D:2: 1230 daAuts
     D:3: 1176 daAuts
     D:1: 820 daAuts
